 Dungeon Crawl Stone Soup version 0.30-a0-1163-gf69bf04e7a (webtiles) character file.

Game seed: 15341799087783908660

35 jtron the Trooper (level 3, 0/40 HPs)
             Began as an Ogre Wanderer on Apr 29, 2023.
             Slain by an adder (2 damage)
             ... on level 1 of the Dungeon.
             The game lasted 00:03:16 (1265 turns).

jtron the Trooper (Ogre Wanderer)                   Turns: 1265, Time: 00:03:16

Health: 0/40       AC:  3    Str: 16 (18) XL:     3   Next: 35%
Magic:  3/3        EV:  9    Int:  8 (11) God:
Gold:   35         SH:  0    Dex:  9 (10) Spells: 2/2 levels left

rFire   . . .        l - +0 club
rCold   . . .        (no shield)
rNeg    . . .        e - +0 robe
rPois   .            (helmet restricted)
rElec   .            (no cloak)
rCorr   .            (gloves unavailable)
SInv    .            (boots unavailable)
Will    .....        (no amulet)
Stlth   +            (no ring)
HPRegen 0.26/turn    (no ring)
MPRegen 0.08/turn

%: no passive effects
@: brilliant, attractive
A: large, unfitting armour, tough skin 1
a: no special abilities


You were on level 1 of the Dungeon.
You visited 1 branch of the dungeon, and saw 2 of its levels.

You collected 35 gold pieces.

Inventory:

Hand Weapons
 a - a +0 dagger
 l - a +0 club (weapon)
Missiles
 c - 6 boomerangs (quivered)
 j - 5 stones
Armour
 e - a +0 robe (worn)
Scrolls
 b - a scroll of fog
 g - 3 scrolls of noise {unknown}
 h - a scroll of identify {unknown}
 i - a scroll of immolation {unknown}
 k - 2 scrolls of teleportation {unknown}
Miscellaneous
 d - a lightning rod (4/4)


   Skills:
 + Level 4.6 Fighting
 - Level 0.2 Short Blades
 + Level 3.2 Throwing
 + Level 1.4 Dodging
 + Level 0.4 Stealth
 - Level 3.2 Evocations


You had 2 spell levels left.
You didn't know any spells.
Your spell library was empty.

Dungeon Overview and Level Annotations

Branches:
Dungeon (2/15)

Altars:


Innate Abilities, Weirdness & Mutations

You are too large for most types of armour.
You have tough skin. (AC +1)


Message History

You are no longer poisoned.
The adder bites you.
You are poisoned.
The adder poisons you! The adder attacks as you move away!
The adder closely misses you.
You feel sick. The adder attacks as you move away!
The adder bites you but does no damage.
You feel sick. The adder attacks as you move away! The adder bites you.
You are more poisoned.
The adder poisons you!
You feel sick.
You feel sick. The adder bites you.
You are more poisoned.
The adder poisons you!
* * * LOW HITPOINT WARNING * * *
You feel very sick. The adder attacks as you move away!
The adder bites you but does no damage.
* * * LOW HITPOINT WARNING * * *
You feel sick.
* * * LOW HITPOINT WARNING * * *
You feel sick. The adder completely misses you.
You feel sick.
You feel sick.
The frilled lizard unfolds its giant frill.
There is a stone staircase leading up here.
You feel sick. The adder barely misses you.
The adder bites you but does no damage.
You climb upwards.
* * * LOW HITPOINT WARNING * * *
You feel sick.
There is a stone staircase leading down here.
It was a potion of attraction.
You feel attractive to monsters.
You feel sick.
You are no longer poisoned.
The adder closely misses you.
It was a potion of brilliance.
You feel clever all of a sudden. The adder bites you.
You die...

#.#.......#.#.........#..........
..#..............................
##........#.#..#.#...............
##.............#.#.#.#.[#........
...........+...#................#
...........##......#.#..........#
...........##...................#
............+...................#
##.......####...@...............#
#.......## #...S........########
#........# #............#
##........# #............#
#.........###............####
#.##'####...................#
#[##.#########..###########.#
'...........##..# #.#
'.##.######.##..# #.#####


You could see an adder.

Vanquished Creatures
  A dart slug (D:2)
  A ball python (D:1)
  An endoplasm (D:1)
  2 giant cockroaches (D:1)
  5 goblins (D:1)
  A hobgoblin (D:1)
  4 jackals (D:1)
  A kobold (D:1)
  A quokka (D:1)
  6 bats (D:1)
  4 frilled lizards (D:1)
  3 rats (D:1)
30 creatures vanquished.

Notes
Turn   | Place    | Note
-------+----------+-------------------------------------------
     0 | D:1      | jtron the Ogre Wanderer began the quest for the Orb.
     0 | D:1      | jtron set off with the following items: a +0 dagger, 2
                  | scrolls of fog, 6 boomerangs, a lightning rod (4/4), a +0
                  | robe.
     0 | D:1      | Reached XP level 1. HP: 24/24 MP: 1/1
   169 | D:1      | Reached XP level 2. HP: 10/32 MP: 2/2
   344 | D:1      | Reached skill level 1 in Dodging
   610 | D:1      | Reached XP level 3. HP: 28/40 MP: 3/3
  1264 | D:1      | HP: 2/40 [poisoned by an adder]
  1265 | D:1      | Slain by an adder

Illustrated notes

Levels and vault maps discovered:
D:1:      lightli_molten_gateway, layout_basic, serial_glass, glass_columns_b,
          glass_columns_a, glass_columns_a, glass_columns_b
D:2:      layout_rooms

Skill      XL: |  1  2 |
---------------+-------+-----
Dodging        | 1 |  1.4
Fighting       | |  4.6
Short Blades   | |  0.2
Throwing       | |  3.2
Stealth        | |  0.4
Evocations     | |  3.2

Action                     || total
---------------------------++-------
  Melee: Dagger            ||   235
         Punch             ||     3
         Club              ||     7
  Throw: Boomerang         ||    11
    Use: Potion            ||     4
         Scroll            ||     1
 Armour: Robe              ||   129
  Dodge: Dodged            ||   156

Table legend: (Time is in decaauts)
 A = Elapsed time spent in this place.
 B = Non-inter-level travel time spent in this place.
 C = Inter-level travel time spent in this place.
 D = Time resting spent in this place.
 E = Time spent auto-exploring this place.
 F = Levels seen in this place.
 G = Mean time per level.
                   A        B        C        D        E       F      G
               +--------+--------+--------+--------+--------+-----+--------+
         Total |   1267 |   1229 |     38 |    178 |    617 |   2 |  633.5 |
       Dungeon |   1267 |   1229 |     38 |    178 |    617 |   2 |  633.5 |
               +--------+--------+--------+--------+--------+-----+--------+

Top non-repeatable levels by time:
     D:1: 1229 daAuts
     D:2: 38 daAuts
